 Dungeon Crawl Stone Soup version 0.18-a0-1267-gff090c1 (webtiles) character file.

1626 4thArraOfDagon the Chopper (level 8, -5/70 HPs)
             Began as a Minotaur Enchanter on Feb 6, 2016.
             Was a Believer of Okawaru.
             Slain by an orc warrior
             ... wielding a +0 battleaxe
              (12 damage)
             ... on level 6 of the Dungeon.
             The game lasted 00:10:26 (4380 turns).

4thArraOfDagon the Chopper (Minotaur Enchanter)     Turns: 4380, Time: 00:10:26

Health: -5/70      AC:  9    Str: 19    XL:     8   Next: 65%
Magic:  9/10       EV: 16    Int: 12    God:    Okawaru [**....]
Gold:   357        SH:  0    Dex: 13    Spells: 1 memorised, 8 levels left

rFire  . . .     SeeInvis .     j - +0 hand axe
rCold  . . .     Gourm    .     s - +1 ring mail {MR+}
rNeg   . . .     Faith    .     (no shield)
rPois  .         Spirit   .     (helmet restricted)
rElec  .         Dismiss  .     k - +0 cloak
rCorr  .         Reflect  .     (no gloves)
SustAt .         Harm     .     (no boots)
MR     +....                    (no amulet)
Stlth  ++........               (no ring)
                                o - +4 ring of strength

@: heroism, somewhat resistant to hostile enchantments, unstealthy
A: retaliatory headbutt, horns 2, talons 1, agile 1, blurry vision 1
a: Heroism, Renounce Religion


You were on level 6 of the Dungeon.
You worshipped Okawaru.
Okawaru was pleased with you.
You were not hungry.

You visited 1 branch of the dungeon, and saw 8 of its levels.

You collected 357 gold pieces.

Inventory:

Hand Weapons
 a - a +0 blowgun
 j - a +0 hand axe (weapon)
Missiles
 g - 19 poisoned needles
Armour
 k - a +0 cloak (worn)
 s - a +1 ring mail of magic resistance (worn)
Jewellery
 o - a +4 ring of strength (left hand)
Wands
 l - a wand of polymorph (1/24)
 q - a wand of random effects (25/48)
 t - a wand of confusion (26/48)
Scrolls
 b - a scroll of blinking {unknown}
 i - 4 scrolls of fear
 n - 2 scrolls of remove curse {unknown}
 p - a scroll of teleportation {unknown}
 v - 2 scrolls of random uselessness {unknown}
 w - a scroll of magic mapping {unknown}
Potions
 f - a potion of haste
 h - a potion of berserk rage {unknown}
 r - a potion of curing
 u - a potion of brilliance {unknown}
 z - a potion of agility
Books
 c - a book of Maledictions

   Spells                             Type                      Level
   a - Corona                         Hexes                        1
   b - Ensorcelled Hibernation        Hexes/Ice                    2
   c - Confuse                        Hexes                        3
   d - Tukima's Dance                 Hexes                        3
   e - Dazzling Spray                 Conjuration/Hexes            3
 e - a book of Callings

   Spells                             Type                      Level
   a - Summon Small Mammal            Summoning                    1
   b - Call Imp                       Summoning                    2
   c - Call Canine Familiar           Summoning                    3
   d - Summon Guardian Golem          Hexes/Summoning              3
   e - Summon Lightning Spire         Summoning/Air                4
   f - Summon Ice Beast               Ice/Summoning                4
 y - a book of Dreams

   Spells                             Type                      Level
   a - Ensorcelled Hibernation        Hexes/Ice                    2
   b - Phase Shift                    Translocation                5
   c - Silence                        Hexes/Air                    5
   d - Darkness                       Hexes                        6
   e - Mass Confusion                 Hexes                        6
   f - Shadow Creatures               Summoning                    6
Comestibles
 d - 4 bread rations
 m - 3 meat rations
 x - 5 chunks of flesh


   Skills:
 + Level 6.0(11.0) Fighting
   Level 1.1(6.1) Short Blades
 * Level 7.1(12.1) Axes
 + Level 4.2(9.2) Armour
 + Level 4.7(9.7) Dodging
 - Level 2.4(7.4) Stealth
 - Level 1.3 Spellcasting
 - Level 2.0 Hexes
 * Level 5.0 Invocations


You had 8 spell levels left.
You knew the following spells:

 Your Spells              Type           Power        Failure   Level  Hunger
a - Corona                Hex            #......      24%         1    ##.....


Dungeon Overview and Level Annotations

Branches:
Dungeon (8/15)             Temple (0/1) D:7
   Lair: D:8-11

Altars:
Elyvilon
Fedhas
Nemelex Xobeh
Okawaru
Qazlal
Ru
Vehumet
Yredelemnul

Annotations:
D:4 exclusion: 3 doors
D:5 Prince Ribbit
D:8 Protee's ghost, novice OpTm


Innate Abilities, Weirdness & Mutations

You reflexively headbutt those who attack you in melee.
You have a pair of horns on your head.
You have sharp toenails.
You are agile. (Dex +2)
Scrolls take you a little longer to read.


Message History

Evoking this partially-identified wand wasted a few charges.
The orc warrior hits you with a battleaxe!!
* * * LOW HITPOINT WARNING * * *
Unknown command.
Evoke which item? (* to show all) (? for menu, Esc to quit)
Zapping:
t - a wand of confusion {zapped: 2} (will waste charges)
Press: ? - help, Shift-Dir - straight line, f/p - orc warrior
Aim: an orc warrior, wielding a battleaxe and wearing a chain mail (lightly wounded, chance to defeat MR: 46%)
The orc warrior resists with some effort.
Evoking this partially-identified wand wasted a few charges.
Unknown command.
Unknown command.
Evoke which item? (* to show all) (? for menu, Esc to quit)
Zapping:
t - a wand of confusion {zapped: 4} (will waste charges)
Press: ? - help, Shift-Dir - straight line, f/p - orc warrior
Aim: an orc warrior, wielding a battleaxe and wearing a chain mail (lightly wounded, chance to defeat MR: 46%)
The orc warrior resists with some effort.
Evoking this partially-identified wand wasted a few charges.
The orc warrior hits you with a battleaxe!
You die...

#....# #....#
######...>#
....>.....#
#####....# #....#
#$)..#
########o...#
#..<.((@(..##
#.........[#
#..........# .#
#..........#
...###........(.#
#..............#
##<#...........####
# #...............
#..).).......#


You could see an orc warrior.

Vanquished Creatures
  Sigmund (D:4)
  Edmund (D:6)
  A necrophage (D:4)
  2 ogres (D:7)
  3 centaurs
  A big kobold (D:7)
  2 giant frogs
  4 orc priests
  A giant frog skeleton (D:5)
  2 orc wizards
  Crazy Yiuf (D:4)
  A centaur skeleton (D:5)
  2 hounds
  A jelly (D:5)
  3 worker ants
  Robin (D:2)
  11 adders
  4 gnolls (D:4)
  A worker ant zombie (D:7)
  An ooze (D:3)
  2 worms (D:4)
  A giant gecko (D:3)
  19 orcs
  5 bats
  4 giant cockroaches
  16 goblins
  6 hobgoblins
  4 jackals (D:3)
  2 giant newts (D:3)
  12 kobolds
  3 rats
118 creatures vanquished.

Vanquished Creatures (others)
  A giant gecko zombie (D:6)
1 creature vanquished.

Grand Total: 119 creatures vanquished

Notes
Turn   | Place    | Note
--------------------------------------------------------------
     0 | D:1      | 4thArraOfDagon the Minotaur Enchanter began the quest for the Orb.
     0 | D:1      | Reached XP level 1. HP: 14/14 MP: 1/1
    76 | D:1      | Reached skill level 1 in Fighting
   232 | D:1      | Reached XP level 2. HP: 12/24 MP: 3/3
   498 | D:2      | Noticed Robin
   570 | D:3      | Reached skill level 3 in Fighting
   574 | D:3      | Reached XP level 3. HP: 21/31 MP: 4/4
   716 | D:4      | Reached skill level 1 in Axes
  1043 | D:3      | Found a faded altar to an unknown god.
  1051 | D:3      | Reached XP level 4. HP: 15/38 MP: 5/5
  1064 | D:3      | Became a worshipper of Warmaster Okawaru
  1064 | D:3      | Reached * piety under Okawaru
  1171 | D:2      | Found a sparkling altar of Nemelex Xobeh.
  1178 | D:2      | Found a radiant altar of Vehumet.
  1178 | D:2      | Found an iron altar of Okawaru.
  1181 | D:2      | Found a white marble altar of Elyvilon.
  1545 | D:2      | Killed Robin
  1800 | D:2      | Reached skill level 1 in Invocations
  2107 | D:3      | Reached XP level 5. HP: 35/45 MP: 6/6
  2653 | D:4      | Found a blossoming altar of Fedhas.
  2793 | D:4      | Noticed Crazy Yiuf
  2802 | D:4      | Killed Crazy Yiuf
  2802 | D:4      | Reached skill level 4 in Axes
  2802 | D:4      | Reached skill level 1 in Armour
  2850 | D:4      | Noticed a centaur
  2867 | D:4      | Killed a centaur
  2867 | D:4      | Reached XP level 6. HP: 27/52 MP: 5/7
  2967 | D:4      | Found a basalt altar of Yredelemnul.
  2978 | D:5      | Entered Level 5 of the Dungeon
  3244 | D:4      | Reached XP level 7. HP: 24/59 MP: 6/8
  3455 | D:4      | Noticed Sigmund
  3463 | D:4      | Killed Sigmund
  3463 | D:4      | Reached ** piety under Okawaru
  3463 | D:4      | Reached skill level 5 in Axes
  3673 | D:5      | Reached skill level 5 in Fighting
  3777 | D:5      | Noticed Prince Ribbit
  3954 | D:7      | Reached XP level 8. HP: 32/67 MP: 8/10
  3999 | D:7      | Gained mutation: You have sharp toenails. [potion of mutation]
  3999 | D:7      | Gained mutation: You are agile. (Dex +2) [potion of mutation]
  3999 | D:7      | Gained mutation: Scrolls take you a little longer to read. [potion of mutation]
  4004 | D:7      | Reached skill level 6 in Axes
  4027 | D:7      | Found a stormy altar of Qazlal.
  4100 | D:7      | Found a staircase to the Ecumenical Temple.
  4119 | D:7      | Found a sacrificial altar of Ru.
  4179 | D:8      | Noticed Protee's ghost (novice OpTm)
  4338 | D:6      | Noticed Edmund
  4351 | D:6      | Killed Edmund
  4351 | D:6      | Reached skill level 7 in Axes
  4351 | D:6      | Reached skill level 5 in Invocations
  4380 | D:6      | Slain by an orc warrior

Vault maps used:
D:1:      minmay_arrival_four_houses
D:2:      minitemple, uniq_robin
D:3:      first_bread, ecumenical_altar_2
D:4:      nicolae_overflow_crystal_walls, lemuel_round_altar,
          uniq_crazy_yiuf_cottage, uniq_sigmund
D:5:      uniq_blork_the_orc, uniq_eustachio, uniq_pikel, uniq_prince_ribbit1
D:6:      serial_shops, nicolae_shop_stone, uniq_edmund, uniq_grinder
D:7:      lemuel_coloured_pillars_altar, nicolae_ru_path_of_blood,
          minmay_temple_entry_statues
D:8:      uniq_joseph

Action                   |  1- 3 |  4- 6 |  7- 9 || total
-------------------------+-------+-------+-------++-------
Melee: Dagger            |    44 |       |       ||    44
       Hand axe          |    47 |   172 |   129 ||   348
Invok: Heroism           |       |     6 |     8 ||    14
Evoke: Wand              |       |       |     7 ||     7
  Use: Scroll            |     2 |       |       ||     2
       Potion            |       |     2 |     5 ||     7
  Eat: Beef jerky        |     1 |       |       ||     1
       Chunk             |       |     7 |     5 ||    12
